 Dungeon Crawl Stone Soup version 0.31-a0-329-g52107efa6a (webtiles) character file.

Game seed: 4475301271626833037

168 AdnanSaban the Covered (level 5, -2/33 HPs)
             Began as a Gargoyle Fighter on July 19, 2023.
             Slain by Ijyb
             ... wielding a +0 club
              (6 damage)
             ... on level 3 of the Dungeon.
             The game lasted 00:02:13 (1951 turns).

AdnanSaban the Covered (Gargoyle Fighter)           Turns: 1951, Time: 00:02:13

Health: -2/33      AC: 13    Str: 22    XL:     5   Next: 49%
Magic:  5/5        EV:  8    Int:  8    God:
Gold:   80         SH:  4    Dex:  9    Spells: 4/4 levels left

rFire   . . .        f - +2 mace (holy)
rCold   . . .        c - +0 buckler
rNeg    + . .        k - +0 chain mail
rPois   ∞            (no helmet)
rElec   +            (no cloak)
rCorr   .            (no gloves)
SInv    .            (no boots)
Will    .....        (no amulet) Stlth
                     (no ring)
HPRegen 0.25/turn    (no ring)
MPRegen 0.09/turn

%: no passive effects
@: no status effects
A: sickness immunity, AC +4, negative energy resistance 1, electricity
resistance, torment resistance 1, petrification resistance
a: no special abilities


You were on level 3 of the Dungeon.
You visited 1 branch of the dungeon, and saw 3 of its levels.

You collected 80 gold pieces.

Inventory:

Hand Weapons
 f - a +2 mace of holy wrath (weapon)
Armour
 c - a +0 buckler (worn)
 k - a +0 chain mail (worn)
Jewellery
 l - a ring of willpower
Scrolls
 a - a scroll of fear {unknown}
 e - a scroll of noise {unknown}
 g - 2 scrolls of immolation {unknown}
 h - a scroll of identify {unknown}
 j - a scroll of fog {unknown}
 o - a scroll of teleportation {unknown}
 p - a scroll of poison {unknown}
 q - a scroll of revelation {unknown}
Potions
 b - a potion of degeneration {unknown}
 d - a potion of might
 i - 3 potions of mutation {unknown}
 m - 2 potions of curing {unknown}
 n - a potion of invisibility {unknown}


   Skills:
 + Level 4.1 Fighting
 + Level 3.8 Maces & Flails
 + Level 4.1 Armour
 + Level 4.1 Shields


You had 4 spell levels left.
You didn't know any spells.
Your spell library contained the following spells:

 Spells                   Type           Power      Damage    Failure   Level
 Scorch                   Fire           0%         2d5       99%         2
 Frozen Ramparts          Ice            0%         1d1       100%        3
 Portal Projectile        Hex/Tloc       0%         N/A       100%        3
 Teleport Other           Tloc           0%         N/A       100%        3
 Tukima's Dance           Hex            0%         N/A       100%        3
 Iskenderun's Mystic Bla  Conj/Tloc      0%         2d3       100%        4
 Petrify                  Tmut/Erth      0%         N/A       100%        4
 Metabolic Englaciation   Hex/Ice        0%         N/A       100%        5
 Starburst                Conj/Fire      0%         6d3       100%        6


Dungeon Overview and Level Annotations

Branches:
Dungeon (3/15)

Altars:

Shops:
D:3 [

Annotations:
D:3 Ijyb


Innate Abilities, Weirdness & Mutations

You are immune to sickness and miasma.
Your stone body is resilient. (AC +4)
You are immune to poison.
You resist negative energy. (rN+)
You are resistant to electric shocks. (rElec)
You are resistant to unholy torment.
You are immune to petrification.


Message History

Ijyb is moderately wounded.
You block Ijyb's attack.
You closely miss Ijyb.
Ijyb is moderately wounded.
Ijyb zaps a wand.
The puff of flame misses you. Ijyb closely misses you.
You hit Ijyb but do no damage.
Ijyb is moderately wounded.
Ijyb zaps a wand.
The puff of flame hits you but does no damage.
You hit Ijyb.
Ijyb is moderately wounded.
Ijyb zaps a wand.
The puff of flame hits you but does no damage.
You hit Ijyb but do no damage.
Ijyb is moderately wounded.
Ijyb misses you.
You hit Ijyb but do no damage.
Ijyb is moderately wounded.
Ijyb barely misses you.
You hit Ijyb but do no damage.
Ijyb is moderately wounded.
Ijyb hits you but does no damage. x2
You hit Ijyb but do no damage.
Ijyb is moderately wounded.
Ijyb barely misses you.
You hit Ijyb but do no damage.
Ijyb is moderately wounded.
Ijyb barely misses you.
You hit Ijyb but do no damage.
Ijyb is moderately wounded.
Ijyb barely misses you.
You hit Ijyb but do no damage.
Ijyb is moderately wounded.
Ijyb screams, "Me kill you!" Ijyb hits you but does no damage.
Ijyb hits you with a +0 club.
* * * LOW HITPOINT WARNING * * *
You hit Ijyb but do no damage.
Ijyb is moderately wounded.
Ijyb hits you with a +0 club.
You die...

..............
###.#.##.#.#.#
#.#.##.#.#.#
#.#..#.#.#.#
#.##...#.#.#
#.###....#.# # #.#
##.....### # #.#
#.#.#...######### #
#.####.#.#....@g...... #
###.##...#.######.#####.
# .............# .# #
.....#...#.#.# .# ####
##.......#.#.### .# #...
#.............. ..
###.## ###..#.#.#....##
.# ##...#†
.....#.#.#>..... .#
#...... ###.........#.#
## #..#.#.


You could see Ijyb.

Vanquished Creatures
  An orc priest (D:3)
  4 adders
  2 worms (D:2)
  7 dart slugs
  8 orcs
  4 endoplasms
  4 giant cockroaches
  7 goblins
  7 hobgoblins
  3 jackals (D:1)
  5 quokkas
  4 ball pythons
  7 bats
  3 frilled lizards
  5 kobolds
  2 rats
73 creatures vanquished.

Notes
Turn   | Place    | Note
-------+----------+-------------------------------------------
     0 | D:1      | AdnanSaban the Gargoyle Fighter began the quest for the
                  | Orb.
     0 | D:1      | Reached XP level 1. HP: 14/14 MP: 1/1
    83 | D:1      | Reached XP level 2. HP: 17/19 MP: 2/2
   252 | D:1      | Reached XP level 3. HP: 23/24 MP: 3/3
   781 | D:2      | Reached XP level 4. HP: 29/29 MP: 4/4
  1215 | D:3      | Got the Thoughts on Portals and Combustion
  1371 | D:3      | Reached XP level 5. HP: 22/33 MP: 5/5
  1681 | D:3      | Found Vaagugg's Antique Armour Emporium.
  1926 | D:3      | Noticed Ijyb
  1951 | D:3      | Slain by Ijyb

Illustrated notes

Levels and vault maps discovered:
D:1:      dpeg_arrival_arbitrary_c, layout_basic, chequers_serial_rivers_marsh,
          minmay_heptomino_h4
D:2:      layout_basic
D:3:      layout_basic, shapermc_ecumenical_altar_petra, serial_shops, shop,
          uniq_ijyb

Skill      XL: |  1  2  3  4  5 |
---------------+----------------+-----
Armour         | 4 |  4.1
Maces & Flails | 3 |  3.8
Fighting       | 4 |  4.1
Shields        | 4 |  4.1

Action                     |  1- 3 |  4- 6 || total
---------------------------+-------+-------++-------
  Melee: Mace              |    82 |   191 ||   273
         Flail             |     1 |       ||     1
 Armour: Scale mail        |    23 |       ||    23
         Chain mail        |    22 |   138 ||   160
  Dodge: Dodged            |    34 |   108 ||   142
  Block: Buckler           |    20 |    48 ||    68

Table legend: (Time is in decaauts)
 A = Elapsed time spent in this place.
 B = Non-inter-level travel time spent in this place.
 C = Inter-level travel time spent in this place.
 D = Time resting spent in this place.
 E = Time spent auto-exploring this place.
 F = Levels seen in this place.
 G = Mean time per level.
                   A        B        C        D        E       F      G
               +--------+--------+--------+--------+--------+-----+--------+
         Total |   2029 |   1956 |     73 |      0 |   1401 |   3 |  676.3 |
       Dungeon |   2029 |   1956 |     73 |      0 |   1401 |   3 |  676.3 |
               +--------+--------+--------+--------+--------+-----+--------+

Top non-repeatable levels by time:
     D:3: 778 daAuts
     D:1: 706 daAuts
     D:2: 545 daAuts
